 Dungeon Sprint DCSS version 0.29-a0-911-g88e6f02907 (webtiles) character file.

Game seed: 13561693440920324318

8505 rocky1 the Warrior (level 11, -4/132 HPs)
             Began as an Ogre Gladiator on July 26, 2022.
             Was a High Priest of Okawaru.
             Succumbed to a sea snake's poison
             ... in the Dungeon (Sprint VII: "The Pits").
             The game lasted 00:11:56 (4308 turns).

rocky1 the Warrior (Ogre Gladiator)                 Turns: 4308, Time: 00:11:57

Health: -4/132     AC:  9    Str: 27    XL:     11   Next: 31%
Magic:  17/18      EV: 15    Int:  9    God:    Okawaru [*****.]
Gold:   0          SH:  0    Dex: 10    Spells: 10/10 levels left

rFire   . . .      SeeInvis .   u - +2 dire flail (protect)
rCold   . . .      Faith    .   (shield currently unavailable)
rNeg    . . .      Spirit   .   b - +0 robe
rPois   .          Reflect  .   c - +0 hat
rElec   .          Harm     .   n - +0 cloak
rCorr   .          Rampage  .   (gloves unavailable)
Will    +....      NoTele   +   (boots unavailable)
Stlth   +++.......              (no amulet)
HPRegen 0.32/turn               r - +3 ring of protection
MPRegen 0.16/turn               s - +3 ring of strength

@: lethally poisoned (-4 -> -43), heroic
A: large, unfitting armour, tough skin 1
a: Renounce Religion, Heroism, Finesse


You were in the Dungeon.
You worshipped Okawaru.
Okawaru was extremely pleased with you.
You visited 1 branch

Inventory:

Hand Weapons
 a - a +2 vorpal war axe
 u - a +2 dire flail of protection (weapon)
Missiles
 d - 3 throwing nets (quivered)
 e - a large rock
 o - 3 curare-tipped darts
 p - 6 silver javelins
Armour
 b - a +0 robe (worn)
 c - a +0 hat (worn)
 n - a +0 cloak (worn)
Jewellery
 r - a +3 ring of protection (left hand)
 s - a +3 ring of strength (right hand)
Scrolls
 m - 5 scrolls of amnesia
Potions
 f - 3 potions of curing
 g - 14 potions of heal wounds
 h - 2 potions of haste
 i - 4 potions of magic
 j - a potion of berserk rage
 l - a potion of invisibility
 t - 2 potions of might


   Skills:
 + Level 15.2(20.2) Fighting
 + Level 11.7(18.9) Axes
 + Level 11.1(18.0) Maces & Flails
 - Level 2.0(7.0) Throwing
 + Level 9.8(14.8) Armour
 + Level 11.4(16.4) Dodging
 - Level 9.7 Invocations


You had 10 spell levels left.
You didn't know any spells.
Your spell library was empty.

Dungeon Overview and Level Annotations

Branches:
Dungeon (1/1)

Altars:
Ashenzari
Cheibriados
Dithmenos
Elyvilon
Fedhas
Gozag
Hepliaklqana
Kikubaaqudgha
Makhleb
Nemelex Xobeh
Okawaru
Qazlal
Ru
Sif Muna
Trog
Uskayaw
Vehumet
Wu Jian
Xom
Yredelemnul
Zin
The Shining One
Jiyva
Lugonu


Innate Abilities, Weirdness & Mutations

You are too large for most types of armour.
You have tough skin. (AC +1)


Message History

You impale the worm!!
Your weapon exudes an aura of protection.
You kill the worm!
Okawaru accepts your kill.
You gain the combat prowess of a mighty hero.
The sea snake completely misses you.
The sea snake bites you but does no damage.
You miss the sea snake. You barely miss the sea snake. The sea snake bites you!
You closely miss the sea snake. The sea snake bites you!
* * * LOW HITPOINT WARNING * * *
You impale the sea snake!!
Your weapon exudes an aura of protection.
The sea snake is moderately wounded.
You closely miss the sea snake.
The sea snake is moderately wounded.
The sea snake bites you.
* * * LOW HITPOINT WARNING * * *
You barely miss the sea snake.
The sea snake is moderately wounded.
The sea snake bites you but does no damage.
You miss the sea snake.
The sea snake is moderately wounded.
The sea snake bites you.
* * * LOW HITPOINT WARNING * * *
You are lethally poisoned!
The sea snake poisons you!
You closely miss the sea snake.
The sea snake is moderately wounded.
* * * LOW HITPOINT WARNING * * *
You feel extremely sick.
You feel better. The sea snake bites you!
* * * LOW HITPOINT WARNING * * *
You are lethally poisoned!
The sea snake poisons you! The sea snake bites you!
* * * LOW HITPOINT WARNING * * *
Blink to where?
Press: ? - help, Dir - move target
As you read the scroll of blinking, it crumbles to dust.
You die...

'#####++######
....##++############## ####
....##......#...'....###...#
....##....###...###...#...# .
<...##...##.'...+.##.....#### ..
....##.)##..##'##..##...##..##l.#
....##).#..##...##..'...#........
....##..#..#.)...#..#...#...l#..#
######.))..)....@)).'.§S'.....h..
######..#..#....†#..#...#....#..#
..[[##..#..##...##..'...#........
...[##..##..##'##..##...##..##..#
.)..##...##.'..)'÷##.....#### w.
..))##....###...###...#...# .
..))##......#...'....###...#
##################### ####


You could see a sea snake.

Vanquished Creatures
  A great orb of eyes (D)
  A vampire mage (D)
  Sonja (D)
  An orc knight (D)
  A wizard (D)
  A black mamba (D)
  A smoke demon (D)
  A molten gargoyle (D)
  A gargoyle (D)
  A cane toad (D)
  A demonic crawler (D)
  A hellwing (D)
  A merfolk (D)
  A guardian mummy (D)
  5 dream sheep (D)
  A small abomination (D)
  A spriggan (D)
  A wyvern (D)
  3 vampire mosquitoes (D)
  Edmund (D)
  An acid dragon (D)
  A water moccasin (D)
  3 orc warriors (D)
  A black bear (D)
  A centaur (D)
  5 wolves (D)
  A phantom (D)
  5 wights (D)
  A crimson imp (D)
  A quasit (D)
  A jelly (D)
  An iron imp (D)
  2 orc wizards (D)
  A gnoll (D)
  3 worms (D)
  7 orcs (D)
  A bat (D)
  A bat skeleton (D)
  An endoplasm (D)
  A giant cockroach (D)
  3 jackals (D)
  A quokka (D)
  3 ball pythons (D)
  A ball python zombie (D)
  A giant cockroach zombie (D)
  A quokka skeleton (D)
75 creatures vanquished.

Notes
Turn   | Place    | Note
-------+----------+-------------------------------------------
     0 | D        | rocky1 the Ogre Gladiator began the quest for the Orb.
     0 | D        | Reached XP level 1. HP: 22/22 MP: 1/1
    15 | D        | Reached skill level 3 in Fighting
    19 | D        | Found a bloodstained altar of Trog.
    19 | D        | Found a shimmering blue altar of Sif Muna.
    19 | D        | Found a viscous altar of Jiyva.
    19 | D        | Found a hazy altar of Hepliaklqana.
    19 | D        | Found an opulent altar of Gozag.
    20 | D        | Found a glowing golden altar of the Shining One.
    20 | D        | Found a glowing silver altar of Zin.
    20 | D        | Found a basalt altar of Yredelemnul.
    20 | D        | Found a shimmering altar of Xom.
    20 | D        | Found an ornate altar of the Wu Jian Council.
    20 | D        | Found a sacrificial altar of Ru.
    20 | D        | Found a stormy altar of Qazlal.
    20 | D        | Found an iron altar of Okawaru.
    20 | D        | Found a sparkling altar of Nemelex Xobeh.
    20 | D        | Found a burning altar of Makhleb.
    20 | D        | Found a blossoming altar of Fedhas.
    20 | D        | Found a white marble altar of Elyvilon.
    20 | D        | Found a shadowy altar of Dithmenos.
    20 | D        | Found a snail-covered altar of Cheibriados.
    22 | D        | Found a radiant altar of Vehumet.
    22 | D        | Found a corrupted altar of Lugonu.
    23 | D        | Found a hide-covered altar of Uskayaw.
    23 | D        | Found an ancient bone altar of Kikubaaqudgha.
    23 | D        | Found a broken altar of Ashenzari.
    28 | D        | Became a worshipper of Warmaster Okawaru
   217 | D        | Reached skill level 1 in Armour
   238 | D        | Reached skill level 1 in Invocations
   238 | D        | Reached XP level 2. HP: 28/31 MP: 2/2
   240 | D        | Reached skill level 1 in Axes
   502 | D        | Noticed a wight
   502 | D        | Noticed a wight
   502 | D        | Noticed a wight
   511 | D        | Killed a wight
   511 | D        | Reached * piety under Okawaru
   512 | D        | Reached skill level 4 in Fighting
   512 | D        | Reached XP level 3. HP: 17/41 MP: 3/5
   512 | D        | Reached XP level 4. HP: 21/49 MP: 3/6
   514 | D        | Reached skill level 5 in Fighting
   514 | D        | Reached XP level 5. HP: 25/58 MP: 3/7
   518 | D        | Reached skill level 6 in Fighting
   799 | D        | Noticed a black bear
   801 | D        | Reached skill level 5 in Maces & Flails
   801 | D        | Reached skill level 5 in Dodging
   801 | D        | Reached XP level 6. HP: 56/68 MP: 9/9
   820 | D        | Reached skill level 7 in Fighting
   820 | D        | Reached skill level 5 in Invocations
   833 | D        | Killed a black bear
   834 | D        | Reached skill level 5 in Axes
   840 | D        | Reached ** piety under Okawaru
   841 | D        | Reached skill level 8 in Fighting
  1194 | D        | Noticed a vampire mage
  1207 | D        | Noticed a shadow
  1207 | D        | Killed a vampire mage
  1208 | D        | Reached skill level 9 in Fighting
  1208 | D        | Reached skill level 5 in Armour
  1208 | D        | Reached XP level 7. HP: 84/84 MP: 9/12
  1208 | D        | Reached XP level 8. HP: 93/93 MP: 9/13
  1354 | D        | Noticed a cane toad
  1363 | D        | Reached *** piety under Okawaru
  1375 | D        | Killed a cane toad
  1376 | D        | Reached skill level 10 in Fighting
  1906 | D        | Noticed a dream sheep
  1907 | D        | Noticed a dream sheep
  1907 | D        | Noticed a dream sheep
  1907 | D        | Noticed a dream sheep
  1908 | D        | Noticed a dream sheep
  1921 | D        | Killed a dream sheep
  1922 | D        | Reached XP level 9. HP: 79/102 MP: 12/15
  1924 | D        | Reached **** piety under Okawaru
  1925 | D        | Reached skill level 11 in Fighting
  1954 | D        | Noticed a hellwing
  1964 | D        | Killed a hellwing
  2117 | D        | Noticed a gargoyle
  2123 | D        | Reached skill level 12 in Fighting
  2132 | D        | Killed a gargoyle
  2296 | D        | Noticed a black mamba
  2301 | D        | Killed a black mamba
  2301 | D        | Reached ***** piety under Okawaru
  2302 | D        | Reached XP level 10. HP: 87/118 MP: 17/17
  2725 | D        | Noticed Sonja
  2751 | D        | Killed Sonja
  2752 | D        | Reached skill level 13 in Fighting
  3011 | D        | Noticed an orc knight
  3043 | D        | Killed an orc knight
  3044 | D        | Reached skill level 10 in Axes
  3044 | D        | Reached skill level 10 in Dodging
  3443 | D        | Noticed a demonic crawler
  3454 | D        | Killed a demonic crawler
  3455 | D        | Reached skill level 10 in Maces & Flails
  3543 | D        | Noticed a great orb of eyes
  3553 | D        | Noticed a molten gargoyle
  3558 | D        | Killed a great orb of eyes
  3558 | D        | Received a gift from Okawaru
  3559 | D        | Reached skill level 14 in Fighting
  3567 | D        | Killed a molten gargoyle
  3818 | D        | Reached XP level 11. HP: 70/131 MP: 18/18
  4021 | D        | Noticed a wizard
  4049 | D        | Killed a wizard
  4188 | D        | Noticed Edmund
  4207 | D        | Killed Edmund
  4244 | D        | Reached skill level 15 in Fighting
  4261 | D        | Received a gift from Okawaru
  4294 | D        | Noticed a sea snake
  4307 | D        | HP: 5/132 [sea snake (8)]
  4308 | D        | Succumbed to a sea snake's poison

Illustrated notes

Levels and vault maps discovered:
D:        pitsprint [storerooms_1, entrance_room_1, metal_vault_6, armoury_1,
          mini_pit_1, grid_room_1, main_hall_1, silver_pit, the_coven_2,
          the_vestibule_1, steel_vault_1, golden_pit, hallway_of_sentries,
          crystal_vault_1, iron_vault_4, final_vault]

Skill      XL: |  1  2  3  4  5  6  7  8  9 10 11 |
---------------+----------------------------------+-----
Fighting       | 3 4 5 6 9 10 12 14 15 | 15.2
Maces & Flails | 3 4 5 7 9 10 11 | 11.1
Dodging        | 3 4 5 7 8 9 10 11 | 11.4
Armour         | 1 2 3 5 6 7 9 |  9.8
Invocations    | 1 2 3 4 7 8 9 |  9.7
Axes           | 2 3 4 6 8 9 11 | 11.7
Throwing       | |  2.0

Action                   |  1- 3 |  4- 6 |  7- 9 | 10-12 || total
-------------------------+-------+-------+-------+-------++-------
Melee: Mace              |    31 |    66 |    39 |       ||   136
       Flail             |     2 |       |       |       ||     2
       Punch             |       |     1 |       |       ||     1
       Dire flail        |       |       |    56 |   146 ||   202
Invok: Heroism           |       |     1 |     4 |     6 ||    11
  Use: Potion            |     1 |     1 |       |     7 ||     9
       Scroll            |       |       |       |     1 ||     1
 Stab: Invisible         |       |       |       |     1 ||     1
Armor: Robe              |     7 |    26 |    31 |    51 ||   115
Dodge: Dodged            |    19 |    34 |    59 |    80 ||   192

Table legend: (Time is in decaauts)
 A = Elapsed time spent in this place.
 B = Non-inter-level travel time spent in this place.
 C = Inter-level travel time spent in this place.
 D = Time resting spent in this place.
 E = Time spent auto-exploring this place.
 F = Levels seen in this place.
 G = Mean time per level.
                   A        B        C        D        E       F      G
               +--------+--------+--------+--------+--------+-----+--------+
         Total |   4280 |   4202 |     78 |   3367 |      0 |   1 | 4280.0 |
       Dungeon |   4280 |   4202 |     78 |   3367 |      0 |   1 | 4280.0 |
               +--------+--------+--------+--------+--------+-----+--------+

Top non-repeatable levels by time:
       D: 4280 daAuts
